AoeStats
← medievalguy7

Arabia

506971335Analyzed
1v1 RM · 16d ago on Sep 16, 2026· 28m 29s· 2 players
Game mode
Random Map
Map size
Tiny (2 player)
Population
200
Speed
Normal
Resources
Standard
Victory
Conquest
Starting age
Dark Age
Ending age
Imperial Age
RankedLock teamsTeams togetherTeam positionsShared explorationLock speedFull tech treeHidden civsTurbo modeCheats
Victory
Defeat
🇨🇳 Ethiopians · China
1004
+29
🇺🇸 Byzantines · United States
1031
-17
1693680559
10:24 Feudal Age
16:33 Double-Bit Axe
18:26 Horse Collar
23:57 Castle Age
23:10 Padded Archer Armor
23:02 Fletching
25:11 Gold Mining
25:33 Bow Saw
26:09 Wheelbarrow
24:57 Crossbowman
26:29 Bodkin Arrow
medievalguy7
7:51 Loom
10:15 Feudal Age
10:38 Horse Collar
10:46 Double-Bit Axe
16:34 Fletching
19:40 Padded Archer Armor
22:56 Castle Age
22:28 Stone Mining
23:35 Gold Mining
24:00 Bodkin Arrow
25:30 Wheelbarrow
27:59 Forging
27:55 Scale Barding Armor
28:28 Bow Saw
28:47 Husbandry
Connection lost

Rejoining the realm…

Still unreachable

The connection could not be restored.

Session expired

The server has moved on; the page needs a fresh start.